 Dungeon Crawl Stone Soup version 0.13.1-22-g086cdba (webtiles) character file.

190 Kae the Insei (level 3, -1/28 HPs)
             Began as a Draconian Transmuter on Jan 2, 2014.
             Slain by an orc wizard
             ... wielding a -1,+1 orcish dagger
              (2 damage)
             ... on Level 3 of the Dungeon.
             The game lasted 00:02:15 (1884 turns).

Kae the Insei (Draconian Transmuter)                Turns: 1884, Time: 00:02:16

HP  -1/28        AC  5     Str 12      XL: 3   Next: 69%
MP   4/4         EV 17     Int 13      God:
Gold 134         SH  0     Dex 17      Spells:  3 memorised,  0 levels left

Res.Fire  : . . .   See Invis. : .     - Unarmed
Res.Cold  : . . .   Warding    : .   (armour unavailable)
Life Prot.: . . .   Conserve   : +   (no shield)
Res.Poison: .       Res.Corr.  : .   (helmet restricted)
Res.Elec. : .       Clarity    : .   (no cloak)
Sust.Abil.: . .     Spirit.Shd : .   (no gloves)
Res.Mut.  : .       Stasis     : .   (no boots)
Res.Rott. : .       Flight     : .   e - cursed amulet of conservation {unknown}
Saprovore : . . .                    (no ring)
                                     (no ring)

@: agile, not resistant to hostile enchantments, stealthy
A: unfitting armour, AC +5
a: no special abilities


You were on level 3 of the Dungeon.
You were not hungry.

You visited 1 branch of the dungeon, and saw 3 of its levels.

You collected 114 gold pieces.

Inventory:

Missiles
 b - 35 arrows
Comestibles
 a - 2 bread rations
 f - a pear
 o - a chunk of adder flesh
Scrolls
 c - a scroll of recharging {unknown}
 i - a scroll of amnesia {unknown}
 j - 2 scrolls of identify {unknown}
 k - a scroll of enchant armour {unknown}
 l - a scroll of remove curse {unknown}
 m - a scroll of fog {unknown}
Jewellery
 e - a cursed amulet of conservation (around neck) {unknown}
Books
 d - a book of Changes

   Spells                             Type                      Level
   *Beastly Appendage                 Transmutation                1
   *Sticks to Snakes                  Transmutation                2
   *Spider Form                       Transmutation/Poison         3
   Ice Form                           Ice/Transmutation            4
   Blade Hands                        Transmutation                5


   Skills:
 - Level 1.1 Fighting
 - Level 1.7 Dodging
 * Level 4.3 Unarmed Combat
 - Level 2.0 Spellcasting
 + Level 2.6 Transmutations


You couldn't memorise any spells.
You knew the following spells:

 Your Spells              Type           Power        Failure   Level  Hunger
a - Beastly Appendage     Trmt           #.....       10%         1    ##.....
b - Sticks to Snakes      Trmt           #.........   14%         2    ###....
c - Spider Form           Trmt/Pois      #.........   52%         3    ####...


Dungeon Overview and Level Annotations

Branches:
Dungeon (3/27)

Altars:

Annotations:
D:2 Sigmund


Message History

* * * LOW HITPOINT WARNING * * *
You closely miss it. It hits you.
* * * LOW HITPOINT WARNING * * *
You closely miss it.
Your talons disappear.
You hear some strange, mumbled words.
The puff of flame hits you!
* * * LOW HITPOINT WARNING * * *
You barely miss it. It hits you.
* * * LOW HITPOINT WARNING * * *
Drink which item? (? for menu, Esc to quit)
You feel agile all of a sudden.
It was a potion of agility.
It hits you but does no damage.
Drink which item? (? for menu, Esc to quit)
You can't drink that!
Drink which item? (? for menu, Esc to quit)
You feel refreshed.
It was a potion of restore abilities.
It hits you.
* * * LOW HITPOINT WARNING * * *
You barely miss it. It hits you.
You die...

. #.. #.# #.# #.#
#.# #.#
.########.#####
........@.....#
.########.###....
##...## #.....#
##...## ##.## #.#
#.# #.# #.# #.#
##'##


There were no monsters in sight!

Vanquished Creatures
  An adder (D:3)
  3 giant geckos
  A ball python (D:1)
  5 bats
  9 hobgoblins
  A quokka (D:2)
  2 giant cockroaches
  5 giant newts
  2 goblins (D:1)
  4 jackals (D:1)
  6 kobolds
  4 rats
43 creatures vanquished.

Notes
Turn   | Place    | Note
--------------------------------------------------------------
     0 | D:1      | Kae, the Draconian Transmuter, began the quest for the Orb.
     0 | D:1      | Reached XP level 1. HP: 16/16 MP: 1/1
    94 | D:1      | Reached XP level 2. HP: 17/23 MP: 3/3
   669 | D:1      | Reached skill level 4 in Unarmed Combat
   705 | D:1      | Reached XP level 3. HP: 7/28 MP: 4/4
  1377 | D:2      | Learned a level 2 spell: Sticks to Snakes
  1381 | D:2      | Learned a level 3 spell: Spider Form
  1559 | D:2      | Noticed Sigmund
  1883 | D:3      | HP: 1/28 [something (2)]
  1884 | D:3      | Slain by an orc wizard

Action                   || total
-------------------------++-------
Melee: Unarmed           ||   187
 Cast: Beastly Appendage ||     4
  Use: Scroll            ||     2
       Potion            ||     4
